AoeStats
← declanjh

Golden Pit

508732463Analyzed
1v1 RM · 8d ago on Sep 23, 2026· 56m 27s· 2 players
Game mode
Random Map
Map size
Tiny (2 player)
Population
200
Speed
Normal
Resources
Standard
Victory
Conquest
Starting age
Dark Age
Ending age
Imperial Age
RankedLock teamsTeams togetherTeam positionsShared explorationLock speedFull tech treeHidden civsTurbo modeCheats
Victory
Defeat
🇦🇷 Britons · Argentina
572
+14
🇩🇪 Teutons · Germany
519
-14
declanjh
8:14 Loom
10:37 Feudal Age
11:53 Double-Bit Axe
11:52 Horse Collar
19:35 Castle Age
18:33 Stone Mining
24:14 Scale Mail Armor
24:25 Forging
28:10 Heavy Plow
28:24 Bow Saw
33:46 Wheelbarrow
33:36 Scale Barding Armor
34:44 Gold Mining
39:36 Imperial Age
37:28 Hand Cart
36:59 Town Watch
37:38 Chain Mail Armor
37:59 Iron Casting
40:19 Cavalier
43:34 Chain Barding Armor
47:20 Ballistics
47:31 Town Patrol
nicolasmjr
11:23 Feudal Age
12:20 Double-Bit Axe
20:29 Castle Age
18:24 Stone Mining
19:36 Fletching
19:56 Gold Mining
20:17 Padded Archer Armor
22:00 Squires
21:59 Bodkin Arrow
23:20 Gold Shaft Mining
26:14 Fortified Wall
28:18 Ballistics
32:47 Imperial Age
31:28 Leather Archer Armor
31:49 Gambesons
33:29 Bracer
35:10 Forging
35:27 Bow Saw
36:52 Iron Casting
36:05 Pikeman
38:19 Chemistry
40:19 Yeomen
42:35 Elite Longbowman
45:34 Ring Archer Armor
46:46 Blast Furnace
46:47 Scale Mail Armor
50:58 Chain Mail Armor
51:54 Arson
52:45 Halberdier
55:46 Plate Mail Armor
Connection lost

Rejoining the realm…

Still unreachable

The connection could not be restored.

Session expired

The server has moved on; the page needs a fresh start.